 Dungeon Crawl Stone Soup version 0.22-a0-354-g30dfbe6 (webtiles) character file.

22787 Kairos the Slinger (level 13, -3/69 HPs)
             Began as a Vine Stalker Fighter on Apr 16, 2018.
             Was a High Priest of Okawaru.
             Engulfed by a cloud of flame (8 damage)
             ... on level 4 of the Lair of Beasts.
             The game lasted 00:34:50 (12222 turns).

Kairos the Slinger (Vine Stalker Fighter)          Turns: 12222, Time: 00:34:54

Health: -3/69      AC: 15    Str: 25    XL:     13   Next: 2%
Magic:  0/18       EV:  9    Int: 12    God:    Okawaru [*****.]
Gold:   927        SH: 12    Dex: 24    Spells: 12/12 levels left

rFire    . . .     SeeInvis +   D - +10 hunting sling "Grim Tooth" {freeze, rN+ Int+2 Dex+5 SInv}
rCold    . . .     Gourm    .   c - +0 shield
rNeg     + . .     Faith    +   A - +0 chain mail
rPois    +         Spirit   +   k - +0 Maxwell's etheric cage {RegenMP+ *Contam rElec MP+4}
rElec    +         Reflect  .   R - +2 cloak
rCorr    .         Harm     .   (no gloves)
MR       +....                  (no boots)
Stlth    ..........             H - amulet of faith
HPRegen  1.01/turn              I - ring of poison resistance MPRegen 0.66/turn*
                                x - +4 ring of strength

@: no status effects
A: fangs 3, agile 1, regeneration 2, strong 1, magic shield, antimagic bite, no
potion heal 3, rot immunity
a: Heroism, Finesse, Renounce Religion


You were on level 4 of the Lair of Beasts.
You worshipped Okawaru.
Okawaru was extremely pleased with you.
You were very hungry.

You visited 3 branches of the dungeon, and saw 14 of its levels.
You also visited: Ossuary.

You collected 927 gold pieces.

Inventory:

Hand Weapons
 a - a +0 war axe
 d - a +4 flail of protection
 y - a +2 hand axe of flaming
 D - the +10 hunting sling "Grim Tooth" (weapon) {freeze, rN+ Int+2 Dex+5 SInv}
   (You found it on level 6 of the Dungeon)

   It causes projectiles fired from it to freeze those they strike, causing
   extra injury to most foes and up to half again as much damage against
   particularly susceptible opponents.
   They can also slow down cold-blooded creatures.
   It affects your intelligence (+2).
   It affects your dexterity (+5).
   It protects you from negative energy.
   It lets you see invisible.
 N - a +3 broad axe
Missiles
 E - 149 sling bullets (quivered)
Armour
 c - a +0 shield (worn)
 k - the +0 Maxwell's etheric cage (worn) {RegenMP+ *Contam rElec MP+4}
   (Okawaru gifted it to you on level 3 of the Lair of Beasts)

   It insulates you from electricity.
   It affects your magic capacity (+4).
   It causes magical contamination when unequipped.
 A - a +0 chain mail (worn)
 M - a +0 hat of see invisible
 R - a +2 cloak (worn)
Jewellery
 o - an uncursed ring of protection from magic
 x - a +4 ring of strength (right hand)
 H - an amulet of faith (around neck)
 I - a ring of poison resistance (left hand)
Wands
 g - a wand of iceblast (10)
 z - a wand of digging (9)
 C - a wand of acid (9)
Scrolls
 b - a scroll of brand weapon {unknown}
 e - 3 scrolls of amnesia
 j - 6 scrolls of remove curse
 l - 5 scrolls of enchant weapon
 p - 3 scrolls of fear
 q - 5 scrolls of teleportation
 B - a scroll of identify
 L - a scroll of magic mapping
Potions
 h - a potion of magic
 i - a potion of resistance {unknown}
 m - 7 potions of curing
 n - a potion of haste
 r - 2 potions of flight
 s - 3 potions of invisibility
 t - a potion of agility {unknown}
 u - 2 potions of brilliance
 v - 2 potions of might
 w - a potion of berserk rage {unknown}
Miscellaneous
 G - a lightning rod (4/4)
Comestibles
 f - 18 rations


   Skills:
 + Level 8.6 Fighting
 - Level 5.1(7.4) Axes
 + Level 8.4(9.1) Maces & Flails
 + Level 10.9 Slings
 + Level 7.0 Armour
 + Level 2.8 Dodging
 + Level 3.6 Stealth
 + Level 7.0 Shields


You had 12 spell levels left.
You didn't know any spells.

Dungeon Overview and Level Annotations

Branches:
Dungeon (9/15)             Temple (1/1) D:7            Lair (4/6) D:9
  Swamp (0/4) Lair:3        Snake (0/4) Lair:2
    Orc: D:9-12

Altars:
Dithmenos
Fedhas
Gozag
Hepliaklqana
Kikubaaqudgha
Makhleb
Nemelex Xobeh
Okawaru
Qazlal
Sif Muna
Trog
Uskayaw
Vehumet
Wu Jian
Xom
Zin
The Shining One

Shops:
D:5 (

Portals:
Ice
Cave: Lair:4


Innate Abilities, Weirdness & Mutations

You have razor-sharp teeth.
You heal very quickly.
When hurt, damage is shared between your health and your magic reserves.
Your bite disrupts and absorbs the magic of your enemies.
Potions cannot restore your health.
You are immune to rotting.
You are agile. (Dex +2)
Your muscles are strong. (Str +2)


Message History

You shoot a sling bullet. The sling bullet hits the wolf!
The sling bullet freezes the wolf.
The wolf is heavily wounded.
Firing (i - inventory)
E - 151 sling bullets (quivered)
Press: ? - help, Shift-Dir - straight line, f/p - wolf
Aim: a wolf (heavily wounded, inner flame)
You shoot a sling bullet.
The sling bullet hits the wolf but does no damage.
The wolf is heavily wounded.
Firing (i - inventory)
E - 150 sling bullets (quivered)
Press: ? - help, Shift-Dir - straight line, f/p - wolf
Aim: a wolf (heavily wounded, inner flame)
You shoot a sling bullet. The sling bullet hits the wolf!!
The sling bullet freezes the wolf.
The wolf explodes!
The fiery explosion engulfs you!
* * * LOW HITPOINT WARNING * * *
Okawaru accepts your kill.
You are engulfed in blazing flames.
You die...

,,*,* *,...................P.*,,
>*,** *,..#...............#*,*,,
,*******,...P...<.........##*****
,**,,**,,..................## **
,,,,,,,,,..)....%.......#...####h
,,,****,,#.#.....P.hD.=##..#(#(hD
,,,,,,*,,#*#....§§§......####(#**
,,,,,,,,,* ##.#.§§......## ### *
**,,,,,,***#..#.@§§.....# ****
*,,,,,****.#.##.#.....##*** *,**
*,**,,,,,*,,,#.........,*,***,,,
****,,,,,,,,*##..%..##..*,**,,,,
*,,,,,,,,,,,* ##....#,#,,,,,****
**,,,,,,,,,,** ##...,,,,,,,** *
,,,,**,,,,,,* *#..#,,,,,,,* *
*,,,,*,,,,,,* *#.#,,,,,,,*
*,,,*,,,,*,** **,,,,*,,***


You could see an ice dragon (inner flame) and a wolf (inner flame).

Vanquished Creatures
  Gastronok (Lair:1)
  3 hydras
  Fannar (Lair:2)
  4 two-headed ogres
  Urug (Lair:2)
  4 elephants (Lair:2)
  Joseph (D:7)
  3 spiny frogs
  A rime drake (Lair:2)
  6 komodo dragons
  3 polar bears (Lair:4)
  Grinder (D:4)
  5 blink frogs (Lair:1)
  3 hippogriffs
  Sigmund (D:2)
  5 yaks
  A basilisk (Lair:3)
  Menkaure (D:4)
  5 nagas (Lair:2)
  10 water moccasins
  7 porcupines
  2 phantoms
  3 sky beasts
  An eye of draining (D:8)
  3 ogres
  7 wolves
  5 centaurs
  7 crocodiles
  An elf zombie (Ossuary)
  3 big kobolds
  13 bullfrogs
  A wyvern skeleton (D:8)
  4 killer bees (D:9)
  6 howler monkeys
  2 electric eels (D:6)
  2 centaur zombies
  2 bullfrog zombies
  2 hounds
  3 human zombies (Ossuary)
  A jelly (D:8)
  4 orc wizards
  3 orc priests
  Natasha (thrice) (D:4)
  2 iguanas
  9 worker ants
  A big kobold zombie (Ossuary)
  2 hound zombies
  2 hound skeletons
  3 mummies (Ossuary)
  8 adders
  19 gnolls
  2 shadow imps
  5 adder zombies (Ossuary)
  2 adder skeletons
  4 worms
  7 leopard geckos
  30 orcs
  13 bats
  4 giant cockroaches
  36 hobgoblins
  22 jackals
  11 kobolds
  2 quokkas
  6 frilled lizards
  2 gnoll zombies (Ossuary)
  34 goblins
  9 goblin zombies
  2 hobgoblin zombies (Ossuary)
  4 jackal zombies (Ossuary)
  2 kobold zombies (Ossuary)
  2 quokka zombies (Ossuary)
  8 rats
  4 rat zombies (Ossuary)
  A fungus (Lair:1)
  A plant (Lair:2)
404 creatures vanquished.

Vanquished Creatures (others)
  A fungus (Lair:4)
  A plant (D:9)
2 creatures vanquished.

Grand Total: 406 creatures vanquished

Notes
Turn   | Place    | Note
-------+----------+-------------------------------------------
     0 | D:1      | Kairos the Vine Stalker Fighter began the quest for the Orb.
     0 | D:1      | Reached XP level 1. HP: 11/11 MP: 2/2
   238 | D:1      | Reached XP level 2. HP: 13/16 MP: 3/3
   634 | D:1      | Gained mutation: You have sharp toenails. [potion of mutation]
   634 | D:1      | Gained mutation: You are agile. (Dex +2) [potion of mutation]
   634 | D:1      | Gained mutation: You possess an exceptional clarity of mind. [potion of mutation]
   737 | D:2      | Noticed Sigmund
  1044 | D:2      | Killed Sigmund
  1044 | D:2      | Reached XP level 3. HP: 3/20 MP: 1/4
  1044 | D:2      | Gained mutation: Your natural rate of healing is unusually fast. [Vine Stalker growth]
  1044 | D:2      | Reached XP level 4. HP: 4/24 MP: 1/5
  1044 | D:2      | Reached XP level 5. HP: 4/28 MP: 1/6
  1743 | D:2      | Noticed an ogre
  1750 | D:2      | Killed an ogre
  1750 | D:2      | Reached XP level 6. HP: 10/32 MP: 3/7
  2882 | D:4      | Noticed Menkaure
  2957 | D:4      | Found a glowing silver altar of Zin.
  3010 | D:4      | Killed Menkaure
  3010 | D:4      | Reached skill level 1 in Maces & Flails
  3010 | D:4      | Reached skill level 1 in Dodging
  3010 | D:4      | Reached XP level 7. HP: 36/36 MP: 8/8
  3087 | D:4      | Found a sand-covered staircase.
  3092 | D:4      | Lost mutation: You possess an exceptional clarity of mind. [potion of mutation]
  3092 | D:4      | Lost mutation: You are agile. (Dex +2) [potion of mutation]
  3092 | D:4      | Lost mutation: You have sharp toenails. [potion of mutation]
  3092 | D:4      | Gained mutation: You are dopey. (Int -2) [potion of mutation]
  3092 | D:4      | Gained mutation: You are agile. (Dex +2) [potion of mutation]
  3092 | D:4      | Gained mutation: Your muscles are strong. (Str +2) [potion of mutation]
  3092 | D:4      | Lost mutation: You are dopey. (Int -2) [potion of mutation]
  3095 | Ossuary  | Entered an ossuary
  3417 | D:4      | Found a radiant altar of Vehumet.
  3440 | D:4      | Noticed a hippogriff
  3453 | D:4      | Killed a hippogriff
  3453 | D:4      | Reached skill level 1 in Stealth
  3453 | D:4      | Gained mutation: You have razor-sharp teeth. [Vine Stalker growth]
  3453 | D:4      | Reached XP level 8. HP: 33/42 MP: 9/9
  3548 | D:4      | Noticed Natasha
  3555 | D:4      | Killed Natasha
  3630 | D:4      | Noticed Natasha
  3705 | D:4      | Killed Natasha
  3756 | D:4      | Noticed Natasha
  3759 | D:4      | Killed Natasha
  3774 | D:4      | Noticed Grinder
  3796 | D:4      | Killed Grinder
  3860 | D:5      | Entered Level 5 of the Dungeon
  3981 | D:5      | Reached skill level 5 in Maces & Flails
  4311 | D:5      | Found Tanueb's Weapon Shoppe.
  4885 | D:6      | Found a bloodstained altar of Trog.
  5063 | D:6      | Reached XP level 9. HP: 16/46 MP: 3/10
  5254 | D:6      | Got a fine hunting sling
  5255 | D:6      | Identified the +10 hunting sling "Grim Tooth" {freeze, rN+ Int+2 Dex+5 SInv} (You found it on level 6 of the Dungeon)
  5278 | D:6      | Found a shadowy altar of Dithmenos.
  5562 | D:6      | Reached skill level 1 in Slings
  6278 | D:7      | Reached skill level 2 in Slings
  6293 | D:7      | Noticed Joseph
  6322 | D:7      | Killed Joseph
  6407 | D:7      | Reached skill level 5 in Armour
  6424 | D:7      | Found a hide-covered altar of Uskayaw.
  6496 | D:7      | Reached skill level 5 in Fighting
  6596 | D:7      | Reached skill level 5 in Shields
  6632 | D:7      | Noticed a two-headed ogre
  6641 | D:7      | Killed a two-headed ogre
  6641 | D:7      | Reached skill level 5 in Axes
  6641 | D:7      | Reached skill level 3 in Slings
  6641 | D:7      | Reached XP level 10. HP: 47/51 MP: 11/11
  6662 | D:7      | Found a staircase to the Ecumenical Temple.
  6676 | D:7      | Reached skill level 4 in Slings
  6764 | Temple   | Entered the Ecumenical Temple
  6819 | Temple   | Became a worshipper of Warmaster Okawaru
  7109 | D:8      | Noticed a two-headed ogre
  7116 | D:7      | Killed a two-headed ogre
  7191 | D:8      | Reached * piety under Okawaru
  7383 | D:8      | Found a glowing golden altar of the Shining One.
  7445 | D:8      | Reached ** piety under Okawaru
  7445 | D:8      | Reached skill level 5 in Slings
  7524 | D:8      | Noticed a two-headed ogre
  7528 | D:8      | Killed a two-headed ogre
  7604 | D:8      | Reached skill level 6 in Slings
  7687 | D:8      | Noticed a two-headed ogre
  7740 | D:8      | Killed a two-headed ogre
  7740 | D:8      | Reached XP level 11. HP: 57/57 MP: 12/12
  8039 | D:8      | Reached skill level 7 in Slings
  8188 | D:9      | Reached *** piety under Okawaru
  8262 | D:9      | Found a staircase to the Lair.
  8819 | Lair:1   | Entered Level 1 of the Lair of Beasts
  9006 | Lair:1   | Received a gift from Okawaru
  9104 | Lair:1   | Noticed Gastronok
  9123 | Lair:1   | Killed Gastronok
  9123 | Lair:1   | Reached **** piety under Okawaru
  9123 | Lair:1   | Reached skill level 8 in Slings
  9177 | Lair:1   | Received a gift from Okawaru
  9335 | Lair:1   | Reached ***** piety under Okawaru
 10009 | Lair:2   | Noticed Urug
 10016 | Lair:2   | Killed Urug
 10016 | Lair:2   | Received a gift from Okawaru
 10074 | Lair:2   | Reached skill level 9 in Slings
 10147 | Lair:2   | Received a gift from Okawaru
 10147 | Lair:2   | Gained mutation: You heal very quickly. [Vine Stalker growth]
 10147 | Lair:2   | Reached XP level 12. HP: 33/63 MP: 8/13
 10213 | Lair:2   | Received a gift from Okawaru
 10340 | Lair:2   | Noticed Fannar
 10377 | Lair:2   | Killed Fannar
 10472 | Lair:2   | Noticed a six-headed hydra
 10476 | Lair:2   | Killed a six-headed hydra
 10570 | Lair:2   | Found a staircase to the Snake Pit.
 10608 | Lair:2   | Noticed a five-headed hydra
 10614 | Lair:2   | Killed a five-headed hydra
 10614 | Lair:2   | Received a gift from Okawaru
 10717 | Lair:2   | Reached skill level 10 in Slings
 11434 | Lair:3   | Found a staircase to the Swamp.
 11490 | Lair:3   | Noticed a four-headed hydra
 11495 | Lair:3   | Killed a four-headed hydra
 11603 | Lair:3   | Received a gift from Okawaru
 11604 | Lair:3   | Found the +0 Maxwell's etheric cage {RegenMP+ *Contam rElec MP+4}
 12160 | Lair:4   | Found a frozen archway.
 12174 | Lair:4   | Noticed an ice dragon
 12192 | Lair:4   | Reached XP level 13. HP: 68/69 MP: 14/14
 12222 | Lair:4   | Engulfed by a cloud of flame

Vault maps used:
D:1:      kilobyte_arrival_exit_the_forest
D:2:      grunt_decor_mini_mirrors, uniq_sigmund
D:4:      kennysheep_mini, zin_statuary, enter_ossuary_4, uniq_natasha,
          uniq_grinder, uniq_menkaure
D:5:      first_ration, serial_shops, shop, hangedman_abyss_or_decor_slice
D:6:      minmay_goblin_kobold_castle, lightli_temple_of_fire,
          old_standard_altar
D:7:      kennysheep_little_box, temple_doors_cd, uniq_joseph
D:8:      marbit_many_paths
D:9:      david_lair_shrubbed, serial_corexii_hall, corexii_hall_statues_i,
          corexii_hall_statues_l
Temple:   compressed_dpeg_circular_temple
Lair:1:   uniq_gastronok
Lair:2:   minmay_snake_entry_guardpost_medium, grunt_megastairs_3, uniq_fannar,
          uniq_urug
Lair:3:   swamp_mist, minivault_19
Lair:4:   portal_ice_cave_entry_animals_and_master, minmay_lair_oklob_chamber
Ossuary:  minmay_ossuary_two_tombs

Skill      XL: |  1  2  3  4  5  6  7  8  9 10 11 12 |
---------------+-------------------------------------+-----
Axes           | 3 4 5 |  5.1
Fighting       | 3 4 5 6 7 8 |  8.6
Armour         | 3 4 5 6 7 |  7.0
Shields        | 3 4 5 6 7 |  7.0
Maces & Flails | 1 4 5 6 7 8 |  8.4
Dodging        | 1 2 |  2.8
Stealth        | 1 3 |  3.6
Slings         | 3 6 9 10 | 10.9

Action                   |  1- 3 |  4- 6 |  7- 9 | 10-12 | 13-15 || total
-------------------------+-------+-------+-------+-------+-------++-------
Melee: War axe           |    46 |    53 |       |       |       ||    99
       Bite              |    13 |    30 |   122 |    69 |    10 ||   244
       Kick              |     3 |    29 |     2 |       |       ||    34
       Flail             |       |    44 |   280 |    88 |       ||   412
       Hand axe          |       |       |    50 |    44 |    17 ||   111
       Broad axe         |       |       |       |     7 |       ||     7
 Fire: Hunting sling     |       |       |   111 |   405 |     3 ||   519
  Use: Potion            |     3 |     1 |     1 |       |       ||     5
       Scroll            |       |       |       |    14 |     3 ||    17
 Stab: Sleeping          |       |     1 |     6 |       |       ||     7
  Eat: Chunk             |       |     7 |    12 |    12 |       ||    31
       Ration            |       |       |       |     1 |       ||     1
Armor: Scale mail        |    24 |    47 |   102 |       |       ||   173
       Chain mail        |       |       |    66 |    91 |    12 ||   169
Dodge: Dodged            |    21 |    32 |   105 |    78 |     8 ||   244
Block: Shield            |    18 |    48 |   204 |   132 |    16 ||   418

Table legend:
 A = Spawn XP
 B = Non-spawn XP
 C = Spawn XP percentage of total XP
 D = Spawn monster count
 E = Non-spawn monster count
 F = Spawn count percentage of total count
 G = Total turns spent on level
                    A         B        C        D         E        F      G
               +---------+---------+-------+---------+---------+-------+---------
         Total |       0 |   32553 |   0.0 |       0 |     402 |   0.0 | 12222
               +---------+---------+-------+---------+---------+-------+---------
           D:1 |       0 |      24 |   0.0 |       0 |      16 |   0.0 |   990
           D:2 |       0 |     378 |   0.0 |       0 |      28 |   0.0 |  1078
           D:3 |       0 |      94 |   0.0 |       0 |      28 |   0.0 |   936
           D:4 |       0 |     957 |   0.0 |       0 |      27 |   0.0 |   573
           D:5 |       0 |     353 |   0.0 |       0 |      23 |   0.0 |   952
           D:6 |       0 |     922 |   0.0 |       0 |      79 |   0.0 |  1530
           D:7 |       0 |    3436 |   0.0 |       0 |      25 |   0.0 |   762
           D:8 |       0 |    3483 |   0.0 |       0 |      45 |   0.0 |   959
           D:9 |       0 |    1469 |   0.0 |       0 |      18 |   0.0 |   678
        Lair:1 |       0 |    5485 |   0.0 |       0 |      16 |   0.0 |  1095
        Lair:2 |       0 |    9731 |   0.0 |       0 |      30 |   0.0 |  1363
        Lair:3 |       0 |    4253 |   0.0 |       0 |      22 |   0.0 |   858
        Lair:4 |       0 |    1540 |   0.0 |       0 |       7 |   0.0 |    87
       Ossuary |       0 |     428 |   0.0 |       0 |      38 |   0.0 |   283
               +---------+---------+-------+---------+---------+-------+---------
